 Dungeon Crawl Stone Soup version 0.31.0-12-g77e489cdc1 (webtiles) character file.

Game seed: 2884830456648906956

6650 lonewolfV2 the Spear-Bearer (level 11, -3/86 HPs)
             Began as a Formicid Fighter on Feb 12, 2024.
             Was a Believer of Qazlal.
             Succumbed to Amaemon's poison
             ... on level 9 of the Dungeon.
             The game lasted 00:16:39 (10589 turns).

lonewolfV2 the Spear-Bearer (Formicid Fighter)     Turns: 10589, Time: 00:16:39

Health: -3/86      AC: 30    Str: 22    XL:     11   Next: 22%
Magic:  16/17      EV:  6    Int:  9    God:    Qazlal [**....]
Gold:   576        SH: 12    Dex: 21    Spells: 10/10 levels left

rFire   . . .        d - +5 scythe (protect)
rCold   . . .        c - +2 buckler
rNeg    . . .        y - +2 plate armour
rPois   .            (helmet unavailable)
rElec   .            l - +1 cloak
rCorr   .            i - +0 pair of gloves
SInv    +            (no boots)
Will    +....        s - amulet of faith Stlth
                     o - +6 ring of dexterity
HPRegen 0.34/turn    f - +4 ring of protection
MPRegen 0.15/turn

%: faith
@: lethally poisoned (-3 -> -27), under a protective aura
A: permanent stasis, dig shafts and tunnels, antennae 3, four strong arms
a: Dig, Shaft Self, Renounce Religion, Upheaval


You were on level 9 of the Dungeon.
You worshipped Qazlal.
Qazlal was pleased with you.
You visited 2 branches of the dungeon, and saw 12 of its levels.

You collected 576 gold pieces.

Inventory:

Hand Weapons
 a - a +0 war axe
 d - a +5 scythe of protection (weapon)
 v - a +0 battleaxe
Missiles
 m - a throwing net
Armour
 c - a +2 buckler (worn)
 i - a +0 pair of gloves (worn)
 l - a +1 cloak (worn)
 y - a +2 plate armour (worn)
Jewellery
 f - a +4 ring of protection (right hand)
 o - a +6 ring of dexterity (left hand)
 p - a ring of positive energy
 s - an amulet of faith (around neck)
 t - a ring of ice
 z - a ring of magical power
 A - a +6 ring of intelligence
Wands
 q - a wand of digging (8)
 x - a wand of flame (9)
Scrolls
 b - 3 scrolls of identify
 g - 3 scrolls of fog
 k - a scroll of amnesia
 n - a scroll of poison
 u - a scroll of torment
 D - a scroll of revelation
Potions
 e - a potion of curing
 j - a potion of degeneration
 r - a potion of brilliance
 C - a potion of enlightenment {unknown}


   Skills:
 - Level 8.0 Fighting
 - Level 2.0(6.0) Axes
 - Level 9.1(9.2) Polearms
 + Level 8.9 Armour
 - Level 8.3 Shields
 + Level 8.9 Invocations


You had 10 spell levels left.
You didn't know any spells.
Your spell library contained the following spells:

 Spells                   Type           Power      Damage    Failure   Level
 Ensorcelled Hibernation  Hex/Ice        0%         N/A       100%        2
 Mercury Vapours          Alch/Air       0%         N/A       100%        2
 Inner Flame              Hex/Fire       0%         N/A       100%        3
 Mephitic Cloud           Conj/Alch/Air  0%         N/A       100%        3
 Passwall                 Erth           0%         N/A       100%        3
 Animate Dead             Necr           0%         N/A       100%        4
 Flame Wave               Conj/Fire      0%         2d4       100%        4
 Sticky Flame             Fire/Alch      0%         2d4       100%        4
 Borgnjor's Vile Clutch   Necr/Erth      0%         N/A       100%        5
 Freezing Cloud           Conj/Ice/Air   0%         6-21      100%        5
 Death Channel            Necr           0%         N/A       100%        6
 Swiftness                Air            Unusable   N/A       N/A         3

Dungeon Overview and Level Annotations

Branches:
Dungeon (11/15)            Temple (1/1) D:6
   Lair: D:8-11         Orc: D:9-12

Altars:
Ashenzari
Cheibriados
Dithmenos
Elyvilon
Fedhas
Gozag
Hepliaklqana
Kikubaaqudgha
Makhleb
Nemelex Xobeh
Okawaru
Qazlal
Ru
Sif Muna
Trog
Uskayaw
Vehumet
Wu Jian
Xom
Yredelemnul
Zin
The Shining One

Shops:
D:9 :

Annotations:
D:9 Amaemon


Innate Abilities, Weirdness & Mutations

You cannot be hasted, slowed, berserked, paralysed or teleported.
You can dig through walls and to a lower floor.
You have a pair of large antennae on your head. (SInv)
Your four strong arms can wield two-handed weapons with a shield.


Message History

You block the scorpion's attack. The scorpion stings you.
* * * LOW HITPOINT WARNING * * *
You completely miss Amaemon.
Amaemon is almost dead.
* * * LOW HITPOINT WARNING * * *
You feel very sick.
The scorpion disappears in a puff of smoke!
You block the scorpion's attack.
The scorpion stings you but does no damage.
Amaemon hits you but does no damage.
You are more poisoned.
You block Amaemon's attack.
Amaemon tail-slaps you but does no damage.
You feel better. The scorpion stings you.
* * * LOW HITPOINT WARNING * * *
You block the scorpion's attack.
Something foul drips from Amaemon's claws.
You block Amaemon's attack. Amaemon closely misses you.
Amaemon tail-slaps you but does no damage.
The scorpion stings you.
* * * LOW HITPOINT WARNING * * *
You are poisoned.
The scorpion poisons you!
You hit Amaemon.
Your weapon exudes an aura of protection.
Amaemon is almost dead.
* * * LOW HITPOINT WARNING * * *
You feel very sick.
The scorpion stings you but does no damage.
Amaemon hits you with a +0 demon whip of venom!
* * * LOW HITPOINT WARNING * * *
You are more poisoned.
You block Amaemon's attack.
Amaemon tail-slaps you but does no damage.
You block the scorpion's attack.
The scorpion stings you but does no damage.
Your magical effects are unravelling.
You feel magically purged.
You feel a little less mighty now.
Your attacks no longer feel as feeble.
You die...

.#.......#..#
.#.......#..###
.'###'###'..†.##
.#.'...'.#..#..#####
#
.#.#...#.#..#..##..##
.
#'.#._.#.+##+.......#
.# .#.#...#.#
###.....###.#
.#.+...+.#
##...s...#..#
.'###'###+
+...@6.....# .#.....
#....s.....# .#.....
##.........# #'###'#
##.......## ..# #
####.##.# ..# ### .#
... ## ... ...


You could see Amaemon and 2 scorpions.

Vanquished Creatures
  Gastronok (D:9)
  An orange demon (D:9)
  A gargoyle (D:10)
  A troll (D:9)
  Prince Ribbit (D:5)
  Sigmund (D:3)
  A vampire (D:9)
  8 yaks
  A steam dragon (D:9)
  A water moccasin (D:8)
  A black bear (D:5)
  An ice beast (D:6)
  A sky beast (D:7)
  An ogre (D:6)
  2 wolves (D:8)
  A centaur (D:7)
  2 phantoms
  2 kobold brigands
  Blork the orc (D:5)
  2 scorpions
  2 gnoll sergeants
  8 wights (D:8)
  6 howler monkeys
  3 bombardier beetles
  2 electric eels (D:8)
  2 jellies
  2 orc priests
  5 hounds
  A gnoll bouda (D:6)
  3 iguanas
  6 orc wizards
  2 centaur simulacra (D:8)
  12 gnolls
  6 adders
  3 shadow imps
  4 white imps
  A howler monkey simulacrum (D:8)
  2 ufetubi (D:8)
  2 ribbon worms
  3 dart slugs
  25 orcs
  5 ball pythons
  6 endoplasms
  3 giant cockroaches
  5 goblins
  6 hobgoblins
  12 jackals
  17 kobolds
  2 quokkas
  4 bats
  3 frilled lizards
  4 rats (D:2)
198 creatures vanquished.

Notes
Turn   | Place    | Note
-------+----------+-------------------------------------------
     0 | D:1      | lonewolfV2 the Formicid Fighter began the quest for the
                  | Orb.
     0 | D:1      | Reached XP level 1. HP: 18/18 MP: 1/1
   198 | D:1      | Reached skill level 1 in Invocations
   212 | D:1      | Reached XP level 2. HP: 23/24 MP: 2/2
   565 | D:1      | Reached XP level 3. HP: 29/29 MP: 4/4
  1449 | D:2      | Reached XP level 4. HP: 37/37 MP: 5/5
  1613 | D:3      | Noticed Sigmund
  1631 | D:3      | Killed Sigmund
  1632 | D:3      | Reached XP level 5. HP: 9/43 MP: 6/8
  1632 | D:3      | Reached XP level 6. HP: 10/49 MP: 6/9
  2478 | D:4      | Reached skill level 5 in Invocations
  2835 | D:4      | Reached skill level 5 in Fighting
  2835 | D:4      | Reached skill level 5 in Armour
  2835 | D:4      | Reached XP level 7. HP: 48/56 MP: 9/11
  3154 | D:5      | Entered Level 5 of the Dungeon
  3589 | D:5      | Reached XP level 8. HP: 59/63 MP: 13/13
  3768 | D:5      | Noticed Blork the orc
  3775 | D:5      | Killed Blork the orc
  4323 | D:5      | Noticed Prince Ribbit
  4350 | D:5      | Killed Prince Ribbit
  4878 | D:6      | Found Sannonit's Jewellery Boutique.
  5279 | D:6      | Reached XP level 9. HP: 72/72 MP: 14/14
  5481 | D:6      | Found a staircase to the Ecumenical Temple.
  5520 | Temple   | Entered the Ecumenical Temple
  5536 | Temple   | Became a worshipper of Qazlal Stormbringer
  6672 | D:7      | Reached skill level 1 in Polearms
  7023 | D:7      | Reached skill level 2 in Polearms
  7097 | D:7      | Reached skill level 5 in Shields
  7113 | D:7      | Reached * piety under Qazlal
  7114 | D:7      | Reached skill level 3 in Polearms
  7929 | D:8      | Found a shimmering blue altar of Sif Muna.
  7929 | D:8      | Found a white marble altar of Elyvilon.
  7929 | D:8      | Found a hide-covered altar of Uskayaw.
  7929 | D:8      | Found a shimmering altar of Xom.
  7930 | D:8      | Found an iron altar of Okawaru.
  7930 | D:8      | Found a basalt altar of Yredelemnul.
  7931 | D:8      | Found a sacrificial altar of Ru.
  7932 | D:8      | Found a bloodstained altar of Trog.
  7932 | D:8      | Found a hazy altar of Hepliaklqana.
  7934 | D:8      | Found an ancient bone altar of Kikubaaqudgha.
  7976 | D:8      | Reached skill level 4 in Polearms
  7977 | D:8      | You fall into a shaft and drop 3 floors!
  8205 | D:11     | Noticed a death yak
  8211 | D:10     | Entered Level 10 of the Dungeon
  8237 | D:10     | Noticed a gargoyle
  8251 | D:10     | Killed a gargoyle
  8252 | D:10     | Reached skill level 5 in Polearms
  8518 | D:9      | Noticed Gastronok
  8537 | D:9      | Reached XP level 10. HP: 69/80 MP: 15/15
  8575 | D:9      | Killed Gastronok
  8576 | D:9      | Reached skill level 7 in Polearms
  8906 | D:8      | Reached ** piety under Qazlal
  9267 | D:8      | Reached skill level 8 in Polearms
  9667 | D:8      | Found an ornate altar of the Wu Jian Council.
  9854 | D:9      | Found Tiaraila's Book Shoppe.
  9905 | D:9      | Reached skill level 9 in Polearms
  9905 | D:9      | Reached XP level 11. HP: 40/86 MP: 16/16
 10440 | D:9      | Found a burning altar of Makhleb.
 10555 | D:9      | Noticed Amaemon
 10570 | D:9      | HP: 3/86 [asphyx]
 10575 | D:9      | HP: 4/86 [poisoned by Amaemon]
 10588 | D:9      | HP: 2/86 [Amaemon/+0 demon whip of venom (8)]
 10589 | D:9      | Succumbed to Amaemon's poison

Illustrated notes

Levels and vault maps discovered:
D:1:      spicycebolla_arrival_xxxplode, layout_loops_ring,
          dreamdust_mushroom_princess, minmay_vboxes
D:2:      layout_loops_ring, solitary_fountain
D:3:      layout_rooms, minmay_misc_feat_iff, uniq_sigmund
D:4:      layout_basic, serial_corexii_hall, corexii_hall_statues_u,
          corexii_hall_statues_s
D:5:      layout_loops_corners, grunt_ministairs_12, uniq_blork_the_orc,
          uniq_prince_ribbit1
D:6:      cheibrodos_quashed, layout_layer_cave,
          minmay_temple_entry_enclosed_plants, serial_shops, shop
D:7:      layout_loops_ring
D:8:      layout_basic, mainiacjoe_overflow_alcove_4, nicolae_overflows_in_rows,
          serial_ice, serial_ice_o, serial_ice_m, serial_ice_i, serial_ice_e,
          serial_ice_h, serial_ice_a
D:9:      layout_cave_pods, mainiacjoe_overflow_24_doors, enter_bailey_5,
          serial_shops, shop, corner_web_ring, uniq_gastronok, uniq_amaemon
D:10:     layout_loops_ring
D:11:     layout_layer_cave, dpeg_lair_monsters, david_orc_3, evilmike_butchery
Temple:   eino_wide_crystal_templ

Skill      XL: |  1  2  3  4  5  6  7  8  9 10 11 |
---------------+----------------------------------+-----
Invocations    | 1 2 4 5 6 7 8 |  8.9
Fighting       | 4 5 7 8 |  8.0
Armour         | 4 5 7 8 |  8.9
Polearms       | 5 9 |  9.1
Shields        | 6 8 |  8.3
Axes           | |  2.0

Action                     |  1- 3 |  4- 6 |  7- 9 | 10-12 || total
---------------------------+-------+-------+-------+-------++-------
  Melee: War axe           |   104 |    35 |       |       ||   139
         Halberd           |       |    78 |   293 |   208 ||   579
 Invoke: Upheaval          |       |       |       |     1 ||     1
Ability: Dig               |     1 |       |       |       ||     1
         Shaft Self        |       |       |     1 |       ||     1
  Evoke: Wand              |       |       |     1 |     4 ||     5
    Use: Scroll            |     4 |     5 |    11 |     1 ||    21
         Potion            |       |     1 |     2 |    10 ||    13
 Armour: Scale mail        |    82 |    77 |       |       ||   159
         Chain mail        |       |    27 |   248 |       ||   275
         Plate armour      |       |       |   223 |   290 ||   513
  Dodge: Dodged            |    58 |    58 |   175 |    67 ||   358
  Block: Buckler           |    24 |    55 |   189 |   180 ||   448
